 Dungeon Crawl Stone Soup version 0.17.2-1-ge4368a0 (webtiles) character file.

4830 Goblin1989 the Shooter (level 10, -2/76 HPs)
             Began as a Demonspawn Transmuter on Nov 25, 2017.
             Was a Priest of Cheibriados.
             Slain by Erolcha
             ... wielding a +0 giant club
              (10 damage)
             ... on level 11 of the Dungeon.
             The game lasted 00:40:46 (10642 turns).

Goblin1989 the Shooter (Demonspawn Transmuter)     Turns: 10642, Time: 00:40:46

Health: -2/76      AC: 15    Str: 19      XL:     10   Next: 25%
Magic:  9/13       EV: 13    Int: 37 (38) God:    Cheibriados [***...]
Gold:   357        SH:  0    Dex: 24      Spells: 4 memorised, 2 levels left

rFire  . . .     SeeInvis .       - Unarmed
rCold  + . .     Clarity  +     P - +0 scale mail
rNeg   . . .     SustAt   .     (shield currently unavailable)
rPois  .         Gourm    .     (helmet restricted)
rElec  .         Spirit   .     n - +1 cloak
rCorr  .         Warding  .     (gloves currently unavailable)
rMut   .         Stasis   .     v - +1 pair of boots
MR     .....                    L - amulet of faith {!P}
Stlth  +.........               p - +5 ring of intelligence
                                N - +6 ring of intelligence {=R}

@: brilliant, blade hands, drained, very slow, not resistant to hostile
enchantments, very unstealthy
A: antennae 2, rough black scales 1, agile 1, clarity, cold resistance 1,
demonic guardian 1, deterioration 1, low mp 1, weak 1, no device heal 1
a: End Transformation, Bend Time, Temporal Distortion, Renounce Religion


You were on level 11 of the Dungeon.
You worshipped Cheibriados.
Cheibriados was most pleased with you.
You were very hungry.
You had blades for hands.
You visited 2 branches of the dungeon, and saw 12 of its levels.

You collected 549 gold pieces.
You spent 192 gold pieces at shops.

Inventory:

Hand Weapons
 b - a +1 shortbow of freezing
 k - a +0 dire flail of protection
 G - a +1 dagger of protection
Missiles
 a - 116 arrows
 x - 6 arrows of dispersal
 J - 11 arrows of flame
 Q - 4 needles of sleeping
 Z - 2 throwing nets {!d, =f}
Armour
 i - a +2 robe of cold resistance
 n - a +1 cloak (worn)
 v - a +1 pair of boots (worn)
 I - a +0 plate armour
 P - a +0 scale mail (worn)
 R - the +0 pair of gloves of Optimism (melded) {Str-4 Int+6}
   (You found it on level 10 of the Dungeon)

   It affects your strength (-4).
   It affects your intelligence (+6).
Jewellery
 c - a ring of protection from cold
 f - a ring of protection from fire
 l - an amulet of regeneration {unknown}
 p - a +5 ring of intelligence (right scythe-like blade)
 t - an amulet of stasis {!P}
 y - an amulet of guardian spirit
 B - a ring of fire
 F - a +4 ring of evasion
 L - an amulet of faith (around neck) {!P}
 N - a +6 ring of intelligence (left scythe-like blade) {=R}
Wands
 h - a wand of heal wounds (3) {@v1, !v}
 C - a wand of confusion (36)
Scrolls
 g - 2 scrolls of immolation {unknown}
 m - a scroll of enchant weapon {unknown}
 q - 2 scrolls of magic mapping {unknown}
 s - a scroll of fear
 u - a scroll of enchant armour {unknown}
 z - a scroll of noise {unknown}
 D - 5 scrolls of remove curse {@r2}
 E - 2 scrolls of amnesia {unknown}
 H - 2 scrolls of fog {unknown}
Potions
 S - a potion of resistance
Books
 o - a book of Geomancy

   Spells                             Type                      Level
   a - Sandblast                      Earth                        1
   b - Stoneskin                      Transmutation/Earth          2
   c - Passwall                       Transmutation/Earth          3
   d - Stone Arrow                    Conjuration/Earth            3
   e - Petrify                        Transmutation/Earth          4
   f - Lee's Rapid Deconstruction     Earth                        5
Comestibles
 d - 2 slices of pizza
 e - 7 bread rations {@e1}
 r - 2 beef jerkies
 M - a meat ration {@e2}


   Skills:
 + Level 6.2(5.0) Fighting
 * Level 7.0(5.8) Bows
 + Level 5.5(4.3) Armour
 + Level 5.1(4.0) Dodging
 - Level 5.3(4.1) Unarmed Combat
 + Level 3.4(2.3) Spellcasting
 * Level 4.1(3.0) Transmutations
 + Level 3.6(2.5) Invocations


You had 2 spell levels left.
You knew the following spells:

 Your Spells              Type           Power        Failure   Level  Hunger
a - Beastly Appendage     Trmt           #####.       4%          1    None
b - Blade Hands           Trmt           #####.....   43%         5    ######.
E - Animate Dead          Necr           N/A          50%         4    ####...
R - Regeneration          Chrm/Necr      ####......   16%         3    ###....


Dungeon Overview and Level Annotations

Branches:
Dungeon (11/15)            Temple (1/1) D:7            Lair (0/8) D:10
    Orc: D:9-12

Altars:
Ashenzari
Cheibriados
Dithmenos
Elyvilon
Fedhas
Gozag
Kikubaaqudgha
Makhleb
Nemelex Xobeh
Okawaru
Qazlal
Ru
Sif Muna
Trog
Vehumet
Xom
Yredelemnul
Zin
The Shining One

Shops:
D:11 !

Annotations:
D:4 Edmund
D:11 Erolcha


Innate Abilities, Weirdness & Mutations

You have a pair of antennae on your head.
You are partially covered in rough black scales (AC +4, Dex -1).
Your flesh is cold resistant.
A weak demonic guardian rushes to your aid.
You are agile. (Dex +2)
You possess an exceptional clarity of mind.
Your body sometimes deteriorates upon taking damage.
Your magical capacity is low (-10% MP).
You are weak. (Str -2)
Potions and wands are less effective at restoring your health.


Message History

Unknown command.
Unknown command.
a - 113 arrows (gained 6)
a - 114 arrows (gained 1)
a - 115 arrows (gained 1)
a - 116 arrows (gained 1) This spell is very dangerous to cast!
Memorise Animate Dead, consuming 4 spell levels and leaving 5?
You start memorising the spell.
You continue memorising.
You continue memorising. x3
You finish memorising.
Spell assigned to 'E'.
This spell is slightly dangerous to cast.
Memorise Regeneration, consuming 3 spell levels and leaving 2?
You start memorising the spell.
You continue memorising.
You continue memorising. x2
You finish memorising.
Spell assigned to 'R'.
Okay, then.
Drop what? 47/52 slots (_ for help) (? for menu, Esc to quit)
You drop a book of Hinderance.
You drop a book of Changes.
You drop a book of Necromancy.
You drop 2 potions of poison.
You drop a potion of berserk rage.
o - a book of Geomancy You sense a monster nearby.
Marking area around Erolcha as unsafe for travelling.
Erolcha the Cunning comes into view.
She is wielding a giant club.
Erolcha shouts!
Erolcha points at you and mumbles some strange words.
The puff of flame hits you!
You take 8 damage, and have 68/76 hp.
Okay, then.
Your +1 shortbow of freezing stops glowing.
You are now empty-handed.
Drink which item? (? for menu, Esc to quit)
You feel clever all of a sudden.
Cast which spell? (? or * to list)
Your hands turn into razor-sharp scythe blades.
The +0 pair of gloves of Optimism {Str-4 Int+6} melds into your body.
You are feeling very hungry.
Erolcha zaps a wand.
The bolt of negative energy hits you!
You feel drained.
Your body deteriorates!
You feel dopey.
It is a wand of draining.
You take 22 damage, and have 46/76 hp.
O_OOPS!!
MASSIVE DAMAGE!!
You now have 8/13 mp.
Erolcha casts a spell.
Erolcha flickers and vanishes!
Deactivating autopickup; reactivate with Ctrl-A.
Your crimson imp hits something but does no damage.
A sky beast comes into view.
What do you say? t - Shout!
Orders for allies: a - Attack new target. r - Retreat! s - Stop attacking. w - Wait here. f - Follow me.
Anything else - Stay silent.
Gang up on whom?
Press: ? - help, Dir - move target cursor, f - you
Okay, then.
You hear a zap.
A bolt of negative energy appears from out of thin air!
The bolt of negative energy hits your crimson imp.
Your crimson imp completely resists.
The bolt of negative energy hits you!
You feel drained.
* * * LOW HITPOINT WARNING * * *
Your crimson imp barely misses something.
The sky beast closely misses you.
You take 20 damage, and have 26/76 hp.
O_OOPS!!
MASSIVE DAMAGE!!
Evoke which item? (* to show all) (? for menu, Esc to quit)
Really evoke
h - a wand of heal wounds (3) {@v1, !v}?
You have no means to grasp a wand firmly enough.
Unknown command.
You hit the sky beast.
The sky beast is lightly wounded.
The sky beast barely misses you.
You closely miss something. You slice something!! The sky beast misses you.
Something barely misses you.
Unknown command.
You barely miss something.
The sky beast hits you but does no damage.
Something hits you.
* * * LOW HITPOINT WARNING * * *
You take 6 damage, and have 20/76 hp.
Unknown command.
You slice something!! The sky beast barely misses you.
Unknown command.
You hit something but do no damage. Something hits you!
* * * LOW HITPOINT WARNING * * *
The sky beast barely misses you.
You take 7 damage, and have 14/76 hp.
Unknown command.
Drink which item? (? for menu, Esc to quit)
You feel better. Something hits you!
* * * LOW HITPOINT WARNING * * *
The sky beast closely misses you.
You take 6 damage, and have 8/76 hp.
Unknown command.
You closely miss something. The sky beast closely misses you.
Something hits you!
You die...

█.██.█..........█
█.█.██.......█
█.█.██.......█
█.█.██.......█
█.█.██.......█
█.█.███......█
█.█.█ ██.█.█.█
█.███.█.█ █.█.█.█
█..{@Y█.█
█5..........
....█.████.....
... █.


█████ . █ You could see a sky beast and a friendly crimson imp.

Vanquished Creatures
  A hill giant (D:10)
  A fire drake (D:10)
  A two-headed ogre (D:10)
  2 wraiths
  A deep elf mage (D:9)
  A steam dragon (D:8)
  2 orc warriors
  2 ice beasts
  2 sky beasts (D:7)
  2 ogres
  3 centaurs
  A black bear (D:8)
  4 giant frogs
  2 killer bees
  2 crimson imps (D:9)
  A centaur zombie (D:7)
  3 hounds
  A quasit (D:5)
  3 iguanas
  A jelly (D:6)
  2 centaur skeletons
  4 orc priests
  6 worker ants
  5 giant frog skeletons
  A giant frog zombie (D:9)
  3 human skeletons (D:9)
  6 human zombies (D:9)
  4 orc wizards
  A hound skeleton (D:8)
  A worker ant zombie (D:7)
  6 adders
  5 gnolls
  3 river rats (D:7)
  3 shadow imps
  An ooze (D:4)
  An adder zombie (D:9)
  3 worms (D:3)
  3 giant geckos
  27 orcs
  6 giant cockroaches
  7 goblins
  8 hobgoblins
  8 jackals
  2 quokkas
  5 bats
  4 giant newts (D:1)
  6 kobolds
  2 orc zombies (D:9)
  A quokka skeleton (D:8)
  7 rats
177 creatures vanquished.

Vanquished Creatures (collateral kills)
  A hill giant (D:10)
  A hungry ghost (D:10)
  An ogre (D:7)
  A phantom (D:3)
  A giant frog (D:6)
  A killer bee (D:8)
  3 orc wizards
  A shadow imp (D:5)
  An adder skeleton (D:5)
  An orc (D:7)
  2 bats
14 creatures vanquished.

Vanquished Creatures (others)
  A big kobold (D:7)
  An orc wizard (D:4)
  A river rat (D:7)
  3 kobolds (D:7)
6 creatures vanquished.

Grand Total: 197 creatures vanquished

Notes
Turn   | Place    | Note
--------------------------------------------------------------
     0 | D:1      | Goblin1989 the Demonspawn Transmuter began the quest for the Orb.
     0 | D:1      | Reached XP level 1. HP: 15/15 MP: 3/3
   114 | D:1      | Reached skill level 3 in Unarmed Combat
   396 | D:1      | Gained mutation: You have a pair of small antennae on your head. [demonic ancestry]
   396 | D:1      | Reached XP level 2. HP: 8/21 MP: 5/5
  1261 | D:2      | Gained mutation: A weak demonic guardian rushes to your aid. [demonic ancestry]
  1261 | D:2      | Reached XP level 3. HP: 23/26 MP: 6/6
  1490 | D:2      | Found a burning altar of Makhleb.
  1490 | D:2      | Noticed an Executioner
  1699 | D:3      | Reached skill level 4 in Unarmed Combat
  2006 | D:3      | Reached skill level 1 in Armour
  2006 | D:3      | Reached XP level 4. HP: 16/32 MP: 7/7
  2265 | D:3      | Noticed a phantom
  2309 | D:3      | Killed a phantom
  2840 | D:2      | Gained mutation: Your flesh is cold resistant. [demonic ancestry]
  2840 | D:2      | Reached XP level 5. HP: 34/38 MP: 8/8
  3025 | D:3      | Found a radiant altar of Vehumet.
  3551 | D:4      | Reached skill level 5 in Unarmed Combat
  3586 | D:4      | Reached XP level 6. HP: 14/46 MP: 9/9
  4009 | D:4      | Noticed Edmund
  4024 | D:5      | Entered Level 5 of the Dungeon
  4540 | D:5      | Reached skill level 1 in Bows
  4565 | D:5      | Reached XP level 7. HP: 43/52 MP: 10/10
  5188 | D:7      | Found a shadowy altar of Dithmenos.
  5426 | D:6      | Gained mutation: You are partially covered in rough black scales (AC +4, Dex -1). [demonic ancestry]
  5426 | D:6      | Reached XP level 8. HP: 31/60 MP: 11/11
  5687 | D:7      | Found a staircase to the Ecumenical Temple.
  5696 | Temple   | Entered the Ecumenical Temple
  5897 | Temple   | Became a worshipper of Cheibriados the Contemplative
  5949 | D:7      | Gained mutation: You possess an exceptional clarity of mind. [mutagenic meat]
  5950 | D:7      | Gained mutation: Your magical capacity is low (-10% MP). [mutagenic meat]
  5951 | D:7      | Gained mutation: Your body sometimes deteriorates upon taking damage. [mutagenic meat]
  6577 | D:8      | Reached * piety under Cheibriados
  6577 | D:8      | Reached skill level 5 in Fighting
  6577 | D:8      | Reached skill level 5 in Bows
  6680 | D:8      | Gained mutation: You are weak. (Str -2) [potion of mutation]
  6680 | D:8      | Gained mutation: Potions and wands are less effective at restoring your health. [potion of mutation]
  6680 | D:8      | Gained mutation: You are agile. (Dex +2) [potion of mutation]
  6957 | D:8      | Found a sparkling altar of Nemelex Xobeh.
  6957 | D:8      | Found a deep blue altar of Sif Muna.
  7013 | D:8      | Reached XP level 9. HP: 49/68 MP: 8/10
  7175 | D:8      | Found a glowing silver altar of Zin.
  7394 | D:8      | Noticed a queen bee
  7996 | D:9      | Reached ** piety under Cheibriados
  8031 | D:9      | Reached skill level 6 in Bows
  8421 | D:9      | Reached skill level 1 in Invocations
  8472 | D:9      | Learned a level 5 spell: Blade Hands
  8494 | D:9      | Found an opulent altar of Gozag.
  8865 | D:9      | Reached skill level 5 in Armour
  9239 | D:9      | Found an ancient bone altar of Kikubaaqudgha.
  9333 | D:9      | Reached *** piety under Cheibriados
  9379 | D:10     | Entered Level 10 of the Dungeon
  9679 | D:10     | Found a staircase to the Lair.
  9679 | D:10     | Noticed a fire drake
  9684 | D:10     | Killed a fire drake
  9684 | D:10     | Reached skill level 5 in Dodging
  9844 | D:10     | Gained mutation: You have a pair of antennae on your head. [demonic ancestry]
  9844 | D:10     | Reached XP level 10. HP: 71/76 MP: 13/13
  9973 | D:10     | Got a pair of heavily runed gloves
 10096 | D:10     | Noticed a hill giant
 10114 | D:10     | Killed a hill giant
 10213 | D:10     | Noticed a hill giant
 10218 | D:10     | Killed a hill giant
 10560 | D:11     | Found Lodia's Distillery.
 10563 | D:11     | Bought a potion of resistance for 120 gold pieces
 10563 | D:11     | Bought a potion of poison for 12 gold pieces
 10563 | D:11     | Bought a potion of berserk rage for 60 gold pieces
 10568 | D:11     | Identified the +0 pair of gloves of Optimism {Str-4 Int+6} (You found it on level 10 of the Dungeon)
 10588 | D:11     | Reached skill level 7 in Bows
 10602 | D:11     | Learned a level 4 spell: Animate Dead
 10606 | D:11     | Learned a level 3 spell: Regeneration
 10629 | D:11     | Noticed Erolcha
 10642 | D:11     | Slain by Erolcha

Action                   |  1- 3 |  4- 6 |  7- 9 | 10-12 || total
-------------------------+-------+-------+-------+-------++-------
Melee: Unarmed           |   191 |   285 |   390 |     7 ||   873
       Dagger            |       |       |     1 |       ||     1
 Fire: Hunting sling     |       |     7 |       |       ||     7
       Shortbow          |       |     7 |   353 |    44 ||   404
Throw: Tomahawk          |       |       |     3 |       ||     3
 Cast: Beastly Appendage |     5 |       |       |       ||     5
       Blade Hands       |       |       |       |     1 ||     1
Invok: Bend Time         |       |       |     2 |       ||     2
Evoke: Wand              |       |       |     3 |       ||     3
  Use: Potion            |     1 |     3 |     8 |     2 ||    14
       Scroll            |       |     7 |     8 |       ||    15
 Stab: Distracted        |     1 |     1 |     1 |       ||     3
       Invisible         |       |       |     1 |       ||     1
  Eat: Chunk             |     3 |     9 |    15 |       ||    27
       Beef jerky        |       |       |     1 |     1 ||     2

Vault maps used:
D:1:      lightli_iron_boxes
D:2:      makhleb_altar_promises_db
D:3:      lemuel_crystal_altar
D:4:      first_bread, uniq_edmund
D:6:      serial_glass, glass_columns_b, glass_columns_a, serial_bayou_pond_d,
          uniq_pikel
D:7:      wad_woods_tower, grunt_dithmenos_smoke_and_mirrors,
          lemuel_temple_firewalk_marked, kennysheep_generic_room_15
D:8:      grunt_temple_overflow_open, lemuel_doored_altar, david_nohive_1,
          minmay_misc_feat_diagonals, minmay_misc_feat_x
D:9:      lemuel_mausoleum_altar_kikubaaqudgha, grunt_gozag_statues
D:10:     minmay_lair_entry_lava
D:11:     erik_orc_4, serial_shops, kennysheep_mini, uniq_erolcha
Temple:   eino_temple_water_12
